 Dungeon Crawl Stone Soup version 0.31.0-2-g5a2aebc5c2 (webtiles) character file.

Game seed: 9737525802712795012

5 Arctor the Vexing (level 1, -1/12 HPs)
             Began as a Kobold Hexslinger on Jan 20, 2024.
             Slain by a jackal (3 damage)
             ... on level 1 of the Dungeon.
             The game lasted 00:00:05 (56 turns).

Arctor the Vexing (Kobold Hexslinger)                 Turns: 56, Time: 00:00:05

Health: -1/12      AC:  2    Str:  5    XL:     1   Next: 88%
Magic:  2/2        EV: 15    Int: 14    God:
Gold:   32         SH:  0    Dex: 17    Spells: 2/2 levels left

rFire   . . .        a - +1 sling
rCold   . . .        (no shield)
rNeg    . . .        c - +0 robe
rPois   .            (no helmet)
rElec   .            (no cloak)
rCorr   .            (no gloves)
SInv    .            (no boots)
Will    .....        (no amulet)
Stlth   +++          (no ring)
HPRegen 0.22/turn    (no ring)
MPRegen 0.08/turn

%: no passive effects
@: no status effects
A: small, no large weapons, nightstalker 3
a: no special abilities


You were on level 1 of the Dungeon.
You visited 1 branch of the dungeon, and saw 1 of its levels.

You collected 32 gold pieces.

Inventory:

Hand Weapons
 a - a +1 sling (weapon)
Armour
 c - a +0 robe (worn)
Scrolls
 b - 2 scrolls of poison


   Skills:
 + Level 1.2 Fighting
 + Level 2.8 Ranged Weapons
 + Level 2.5 Dodging
 + Level 1.2 Spellcasting
 + Level 3.0 Hexes
 + Level 1.1 Fire Magic


You had 2 spell levels left.
You didn't know any spells.
Your spell library contained the following spells:

 Spells                   Type           Power      Damage    Failure   Level
 Jinxbite                 Hex            18%        N/A       11%         2
 Sigil of Binding         Hex            9%         N/A       22%         3
 Inner Flame              Hex/Fire       6%         N/A       32%         3
 Cause Fear               Hex            4%         N/A       58%         4
 Dimensional Bullseye     Hex/Tloc       2%         N/A       80%         4


Dungeon Overview and Level Annotations

Branches:
Dungeon (1/15)

Altars:


Innate Abilities, Weirdness & Mutations

You are small and have problems with some larger weapons.
You are completely attuned to the shadows.


Message History

The jackal bites you but does no damage.
You shoot a sling bullet. The sling bullet misses the jackal.
The sling bullet hits the jackal.
The jackal is moderately wounded.
The jackal misses you. The jackal barely misses you. The jackal bites you.
You shoot a sling bullet. The sling bullet hits the jackal.
The jackal is heavily wounded.
The jackal misses you. The frilled lizard bites you.
The jackal barely misses you. The jackal completely misses you.
The frilled lizard barely misses you.
You shoot a sling bullet. The sling bullet hits the jackal.
You kill the jackal!
The jackal misses you. The jackal bites you.
* * * LOW HITPOINT WARNING * * *
The frilled lizard closely misses you. The jackal misses you.
You shoot a sling bullet.
The sling bullet hits the jackal but does no damage.
The jackal is moderately wounded.
The jackal closely misses you. The jackal misses you.
The frilled lizard barely misses you. The jackal barely misses you.
The jackal bites you but does no damage.
You shoot a sling bullet. The sling bullet hits the jackal.
The jackal is severely wounded.
The jackal closely misses you. The jackal barely misses you.
The frilled lizard closely misses you.
You shoot a sling bullet.
The sling bullet hits the jackal but does no damage.
The jackal is severely wounded.
The jackal bites you.
* * * LOW HITPOINT WARNING * * *
The jackal closely misses you. The frilled lizard misses you.
The jackal barely misses you. The jackal completely misses you.
The frilled lizard closely misses you.
You shoot a sling bullet.
The sling bullet closely misses the jackal.
The jackal bites you but does no damage.
The jackal completely misses you.
The jackal bites you but does no damage.
The jackal bites you.
You die...

#### .. ..## ##
####.<. ..† .....
...#P~##.# ..# #..#
#.#~~~#.# #.##l.#
#..~~~~~~ #!h@..#
##~~♣#'#
#†##h.#######.~♣##.#
...............###...
.##.........###.#
#### ..##........(.#
.. #..........#
#..........#
....##.....##
............


You could see 2 jackals and a frilled lizard.

Vanquished Creatures
  A dart slug (D:1)
  2 jackals (D:1)
3 creatures vanquished.

Notes
Turn   | Place    | Note
-------+----------+-------------------------------------------
     0 | D:1      | Arctor the Kobold Hexslinger began the quest for the Orb.
     0 | D:1      | Reached XP level 1. HP: 12/12 MP: 2/2
    56 | D:1      | Slain by a jackal

Illustrated notes

Levels and vault maps discovered:
D:1:      sevenhm_arrival_forest_fort_small_4, layout_basic, serial_shops,
          nicolae_shop_peninsula

Action                     || total
---------------------------++-------
   Fire: Sling             ||    16
 Armour: Robe              ||    13
  Dodge: Dodged            ||    30
